 Dungeon Crawl Stone Soup version 0.22.1-6-g1668fe2 (webtiles) character file.

2013 Gingerlord the Ducker (level 9, -3/59 HPs)
             Began as a Halfling Artificer on Jan 26, 2019.
             Was a Follower of Okawaru.
             Slain by a wraith (9 damage)
             ... on level 7 of the Dungeon.
             The game lasted 00:16:52 (9515 turns).

Gingerlord the Ducker (Halfling Artificer)          Turns: 9515, Time: 00:16:52

Health: -3/59      AC: 12    Str: 16    XL:     9   Next: 46%
Magic:  12/12      EV: 17    Int:  9    God:    Okawaru [*.....]
Gold:   350        SH:  0    Dex: 15    Spells: 8/8 levels left

rFire    . . .     SeeInvis .   E - +0 long sword
rCold    + . .     Gourm    .   (shield restricted)
rNeg     . . .     Faith    .   n - +3 ring mail {rF+}
rPois    .         Spirit   .   p - +2 helmet
rElec    .         Reflect  .   (no cloak)
rCorr    .         Harm     .   (no gloves)
MR       .....                  (no boots)
Stlth    ++........             (no amulet)
HPRegen  0.19/turn              u - ring of stealth
MPRegen  0.13/turn              b - ring of ice

@: slowed, very slow
A: small, mutation resistance 1
a: Heroism, Renounce Religion


You were on level 7 of the Dungeon.
You worshipped Okawaru.
Okawaru was aware of your devotion.
You were not hungry.

You visited 2 branches of the dungeon, and saw 8 of its levels.

You collected 350 gold pieces.

Inventory:

Hand Weapons
 E - a +0 long sword (weapon)
Armour
 a - a +0 crystal plate armour
 n - a +3 ring mail of fire resistance (worn)
 p - a +2 helmet (worn)
Jewellery
 b - a ring of ice (right hand)
 u - a ring of stealth (left hand)
Wands
 d - a wand of enslavement (33)
 e - a wand of random effects (3)
 m - a wand of polymorph (4)
 q - a wand of iceblast (1)
Scrolls
 c - a scroll of random uselessness {unknown}
 g - 8 scrolls of teleportation
 o - a scroll of fear
 s - a scroll of enchant weapon {unknown}
 t - 2 scrolls of amnesia {unknown}
 v - a scroll of noise {unknown}
Potions
 h - 3 potions of brilliance
 i - 2 potions of lignification
 j - a potion of flight
 l - 5 potions of curing
 r - 2 potions of heal wounds
 x - 2 potions of invisibility
 z - a potion of haste {unknown}
 A - a potion of might {unknown}
 B - a potion of cancellation {unknown}
 C - 2 potions of agility
 D - a potion of resistance {unknown}
Comestibles
 f - 3 rations


   Skills:
 + Level 4.7 Fighting
   Level 4.8(5.4) Short Blades
 + Level 3.1(4.0) Long Blades
 + Level 5.5 Armour
 + Level 6.1 Dodging
 - Level 1.1 Stealth
 + Level 3.6 Invocations
 - Level 4.9 Evocations


You had 8 spell levels left.
You didn't know any spells.
Your spell library contained the following spells:

 Spells                   Type           Power        Failure   Level  Hunger
 Infusion                 Chrm           #...         58%         1    ##.....
 Sandblast                Erth           #.....       58%         1    ##.....
 Summon Small Mammal      Summ           #...         58%         1    ##.....
 Call Imp                 Summ           #.......     73%         2    ###....
 Passwall                 Tmut/Erth      #.......     73%         2    ###....
 Call Canine Familiar     Summ           #.......     91%         3    ####...
 Stone Arrow              Conj/Erth      #.....       91%         3    ####...
 Summon Guardian Golem    Hex/Summ       #.......     91%         3    ####...
 Petrify                  Tmut/Erth      #.......     100%        4    #####..
 Summon Ice Beast         Ice/Summ       #.......     100%        4    #####..
 Summon Lightning Spire   Summ/Air       #.......     100%        4    #####..
 Lee's Rapid Deconstruct  Erth           #.........   100%        5    ######.


Dungeon Overview and Level Annotations

Branches:
Dungeon (7/15)             Temple (1/1) D:4

Altars:
Ashenzari
Cheibriados
Fedhas
Gozag
Kikubaaqudgha
Okawaru
Qazlal
Sif Muna
Uskayaw
Vehumet
Wu Jian
Xom
Yredelemnul
Zin

Annotations:
D:5 Pikel


Innate Abilities, Weirdness & Mutations

You are small and have problems with some larger weapons.
You are somewhat resistant to further mutation.


Message History

The wraith hits you. The wraith drains your vigour!
You feel as though you will be slow longer.
You hit the wraith but do no damage.
The wraith is lightly damaged.
The wraith hits you!
* * * LOW HITPOINT WARNING * * *
The wraith hits you but does no damage.
You hit the wraith.
The wraith is lightly damaged.
The wraith completely misses you. The wraith misses you.
You closely miss the wraith.
The wraith is lightly damaged.
The wraith hits you.
* * * LOW HITPOINT WARNING * * *
The wraith drains your vigour!
You feel as though you will be slow longer.
You hit the wraith.
The wraith is moderately damaged.
The wraith completely misses you. The wraith hits you!
You die...

#....>.#
#_'.'.#####.#...##..
####.#.## ###.###
#.#...##.. #.#..###
#.'.'.# #........#
####......# ###.###
##....#...
##...####.## #.'.'.#
#.#.##.## ...###
#..#####.###
#......## ..##
#...##.'.'.#
##...#.## .##
###..###.###
#..##.## .## #..#
+@W.#######..#..##
..# ####..#
#.###.##....<#.###
#.######....## +.+
#............#
#..#.....#.##
#####..........#.#
##.#.#####.#
#............#.#.#
##...## #[#
##............#...#
.....<# #.#
#.............#...#
...##.####.#
#.##...#...........
...##.##...#
##.###########.#.#..


You could see a wraith.

Vanquished Creatures
  A wraith (D:7)
  Menkaure (D:5)
  Purgy (D:4)
  An ice beast (D:7)
  A phantom (D:4)
  A sky beast (D:6)
  2 slaves
  3 ogres
  An elf zombie (D:7)
  2 bullfrogs (D:6)
  Blork the orc (D:5)
  3 scorpions
  A howler monkey (D:2)
  A crimson imp (D:6)
  2 jellies
  A centaur skeleton (D:5)
  2 human zombies (D:7)
  2 orc priests
  An iguana (D:7)
  2 orc wizards
  Terence (D:2)
  A worker ant (D:4)
  An ogre skeleton (D:7)
  A hound zombie (D:6)
  2 hound skeletons (D:4)
  2 mummies (D:7)
  A worker ant zombie (D:7)
  5 gnolls
  7 adders
  A shadow imp (D:7)
  5 oozes (D:2)
  An adder skeleton (D:6)
  2 worms
  4 dart slugs
  3 leopard geckos
  9 orcs
  8 bats
  A giant cockroach (D:5)
  8 goblins
  9 hobgoblins
  8 jackals
  6 frilled lizards
  9 kobolds
  A leopard gecko zombie (D:5)
  An orc skeleton (D:7)
  A quokka zombie (D:6)
  4 rats
132 creatures vanquished.

Vanquished Creatures (others)
  An ooze (D:2)
  15 toadstools (D:2)
16 creatures vanquished.

Grand Total: 148 creatures vanquished

Notes
Turn   | Place    | Note
-------+----------+-------------------------------------------
     0 | D:1      | Gingerlord the Halfling Artificer began the quest for the
                  | Orb.
     0 | D:1      | Reached XP level 1. HP: 12/12 MP: 3/3
    42 | D:1      | Reached skill level 1 in Fighting
   162 | D:1      | Reached XP level 2. HP: 15/18 MP: 4/4
   483 | D:1      | Reached XP level 3. HP: 7/23 MP: 5/5
   878 | D:1      | Reached skill level 1 in Armour
  1493 | D:2      | Noticed Terence
  1501 | D:2      | Killed Terence
  1501 | D:2      | Reached XP level 4. HP: 28/28 MP: 6/6
  1898 | D:2      | Reached skill level 3 in Dodging
  1976 | D:2      | Reached XP level 5. HP: 19/34 MP: 7/7
  2135 | D:2      | Found a shimmering altar of Xom.
  2135 | D:2      | Found a basalt altar of Yredelemnul.
  2481 | D:2      | Reached XP level 6. HP: 33/39 MP: 8/8
  4089 | D:4      | Noticed Purgy
  4094 | D:4      | Killed Purgy
  4094 | D:4      | Reached XP level 7. HP: 45/45 MP: 10/10
  4555 | D:4      | Reached skill level 4 in Dodging
  5001 | D:4      | Found a shattered altar of Ashenzari.
  5004 | D:4      | Found a snail-covered altar of Cheibriados.
  5010 | D:4      | Found an ornate altar of the Wu Jian Council.
  5010 | D:4      | Found a stormy altar of Qazlal.
  5011 | D:4      | Found a glowing silver altar of Zin.
  5505 | D:4      | Reached XP level 8. HP: 29/52 MP: 11/11
  5776 | D:4      | Found a staircase to the Ecumenical Temple.
  5816 | Temple   | Entered the Ecumenical Temple
  5887 | Temple   | Became a worshipper of Warmaster Okawaru
  6001 | D:5      | Entered Level 5 of the Dungeon
  6238 | D:5      | Reached skill level 1 in Invocations
  6275 | D:5      | Found an ancient bone altar of Kikubaaqudgha.
  6281 | D:5      | Found a deep blue altar of Sif Muna.
  6283 | D:5      | Found a radiant altar of Vehumet.
  6287 | D:5      | Identified Sif Muna's Catalogue of Enhancements
  6334 | D:5      | Noticed Blork the orc
  6337 | D:5      | Noticed Pikel
  6346 | D:5      | Killed Blork the orc
  6347 | D:5      | Noticed Pikel
  6347 | D:5      | Pikel changed into Pikel the human
  6759 | D:5      | Noticed Menkaure
  6781 | D:5      | Killed Menkaure
  6781 | D:5      | Reached skill level 1 in Long Blades
  6781 | D:5      | Reached skill level 5 in Dodging
  7529 | D:6      | Reached * piety under Okawaru
  7529 | D:6      | Reached XP level 9. HP: 58/58 MP: 12/12
  8114 | D:7      | Found a snail-covered altar of Cheibriados.
  8176 | D:7      | Reached skill level 5 in Armour
  9003 | D:7      | Found a basalt altar of Yredelemnul.
  9185 | D:7      | Reached skill level 6 in Dodging
  9515 | D:7      | Slain by a wraith

Skill      XL: |  1  2  3  4  5  6  7  8  9 |
---------------+----------------------------+-----
Fighting       | 1 2 3 4 |  4.7
Armour         | 1 2 3 4 5 |  5.5
Short Blades   | 2 3 4 |  4.8
Dodging        | 3 4 5 6 |  6.1
Evocations     | 4 |  4.9
Invocations    | 2 3 |  3.6
Long Blades    | 2 3 |  3.1
Stealth        | |  1.1

Action                   |  1- 3 |  4- 6 |  7- 9 || total
-------------------------+-------+-------+-------++-------
Melee: Short sword       |    86 |   256 |       ||   342
       Dagger            |       |     4 |   210 ||   214
       Falchion          |       |       |   237 ||   237
       Long sword        |       |       |   119 ||   119
       Punch             |       |       |     1 ||     1
Invok: Heroism           |       |       |     1 ||     1
Evoke: Wand              |     4 |    17 |    21 ||    42
  Use: Scroll            |       |     4 |    12 ||    16
       Potion            |       |       |     1 ||     1
 Stab: Sleeping          |     4 |     2 |    12 ||    18
  Eat: Chunk             |     2 |     4 |     7 ||    13
       Ration            |       |     1 |     4 ||     5
Armor: Leather armour    |    14 |       |       ||    14
       Ring mail         |       |    65 |   168 ||   233
Dodge: Dodged            |    52 |   182 |   388 ||   622
       Rpst.: Falchion   |       |       |    52 ||    52
       Long sword        |       |       |    18 ||    18
